 Dungeon Crawl Stone Soup version 0.17.1-3-g152610e (webtiles) character file.

147 dearth the Sneak (level 5, 0/24 HPs)
             Began as a Spriggan Enchanter on Mar 11, 2016.
             Slain by a river rat (7 damage)
             ... on level 3 of the Dungeon.
             The game lasted 00:10:41 (3686 turns).

dearth the Sneak (Spriggan Enchanter)               Turns: 3686, Time: 00:10:42

Health: 0/24       AC:  3    Str:  4    XL:     5   Next: 7%
Magic:  9/11       EV: 19    Int: 17    God:
Gold:   152        SH:  0    Dex: 17    Spells: 2 memorised, 8 levels left

rFire  . . .     SeeInvis +     a - +1 dagger
rCold  . . .     Clarity  .     b - +1 robe
rNeg   . . .     SustAt   .     (shield restricted)
rPois  .         Gourm    .     (helmet restricted)
rElec  .         Spirit   .     (no cloak)
rCorr  .         Warding  .     (gloves unavailable)
rMut   .         Stasis   .     (boots unavailable)
MR     .....                    (no amulet)
Stlth  ++++......               (no ring)
                                (no ring)

@: very quick, not resistant to hostile enchantments, stealthy
A: unfitting armour, see invisible, herbivore 3, speed 3, slow metabolism 2
a: no special abilities


You were on level 3 of the Dungeon.
You were not hungry.

You visited 1 branch of the dungeon, and saw 3 of its levels.

You collected 152 gold pieces.

Inventory:

Hand Weapons
 a - a +1 dagger (weapon)
Armour
 b - a +1 robe (worn)
Wands
 m - a wand of frost (24)
Scrolls
 f - 3 scrolls of magic mapping {unknown}
 i - a scroll of remove curse {unknown}
 j - a scroll of enchant weapon {unknown}
 l - 2 scrolls of teleportation {unknown}
 o - a scroll of enchant armour {unknown}
 q - a scroll of immolation {unknown}
 r - 2 scrolls of identify {unknown}
 s - a scroll of amnesia {unknown}
Potions
 e - 5 potions of curing {unknown}
 g - a potion of resistance {unknown}
 k - 2 potions of magic {unknown}
 n - a potion of heal wounds {unknown}
 p - a potion of poison {unknown}
Books
 c - a book of Maledictions

   Spells                             Type                      Level
   a - Corona                         Hexes                        1
   b - Ensorcelled Hibernation        Hexes/Ice                    2
   c - Confuse                        Hexes                        3
   d - Tukima's Dance                 Hexes                        3
   e - Dazzling Spray                 Conjuration/Hexes            3
Comestibles
 d - 2 bread rations
 h - a fruit


   Skills:
 + Level 2.3 Short Blades
 + Level 4.0 Dodging
 + Level 6.0 Stealth
 + Level 3.5 Spellcasting
 + Level 4.7 Hexes


You had 8 spell levels left.
You knew the following spells:

 Your Spells              Type           Power        Failure   Level  Hunger
a - Corona                Hex            ###....      2%          1    None
b - Ensorcelled Hibernat  Hex/Ice        ##....       12%         2    ##.....


Dungeon Overview and Level Annotations

Branches:
Dungeon (3/15)

Altars:

Portals:
Sewer: D:3


Innate Abilities, Weirdness & Mutations

You are tiny and cannot use many weapons and most armour.
You have supernaturally acute eyesight.
You are a herbivore.
You cover ground extremely quickly.
You need consume almost no food.


Message History

Aiming: Ensorcelled Hibernation
Press: ? - help, Shift-Dir - straight line, f - river rat
Aim: a river rat (heavily wounded, chance to defeat MR: 50%)
The river rat looks drowsy...
You hit the river rat.
The river rat is severely wounded.
The river rat misses you.
You barely miss the river rat.
The river rat is severely wounded.
The river rat misses you.
You hit the river rat.
The river rat is almost dead.
The river rat misses you.
You barely miss the river rat.
The river rat is almost dead.
The river rat closely misses you.
You hit the river rat but do no damage.
The river rat is almost dead.
The river rat bites you!
You die...

.......................)..##.##
..≈≈≈................##...# ...
.≈≈≈≈≈...............##...# ##
.≈≈∩≈≈†(.#...#.......# ..#
.≈≈≈≈≈..######........#
..≈≈≈...r..............
.........############
.........############.#.
.........grrrr@.........
........#############...
.....?.## #######


You could see a river rat, a goblin and 3 rats.

Vanquished Creatures
  Jessica (D:2)
  3 adders
  A river rat (D:3)
  2 worms (D:3)
  A giant gecko (D:1)
  An orc (D:3)
  6 bats
  7 giant cockroaches
  5 goblins
  9 hobgoblins
  11 jackals
  7 kobolds
  2 quokkas (D:2)
  4 ball pythons
  2 giant newts (D:1)
  10 rats
72 creatures vanquished.

Notes
Turn   | Place    | Note
--------------------------------------------------------------
     0 | D:1      | dearth the Spriggan Enchanter began the quest for the Orb.
     0 | D:1      | Reached XP level 1. HP: 9/9 MP: 5/5
   275 | D:1      | Reached XP level 2. HP: 13/13 MP: 6/6
   356 | D:1      | Reached skill level 5 in Stealth
  1033 | D:1      | Reached XP level 3. HP: 14/16 MP: 8/8
  1374 | D:1      | Noticed a sky beast
  1425 | D:1      | Learned a level 2 spell: Ensorcelled Hibernation
  2539 | D:2      | Noticed Jessica
  2545 | D:2      | Killed Jessica
  2545 | D:2      | Reached XP level 4. HP: 21/21 MP: 9/9
  2718 | D:2      | Found a faded altar to an unknown god.
  3601 | D:3      | Found a glowing drain.
  3635 | D:3      | Reached skill level 6 in Stealth
  3651 | D:3      | Reached XP level 5. HP: 16/24 MP: 11/11
  3686 | D:3      | Slain by a river rat

Action                   |  1- 3 |  4- 6 || total
-------------------------+-------+-------++-------
Melee: Dagger            |   117 |   176 ||   293
 Cast: Corona            |     2 |       ||     2
       Ensorcelled Hiber |     2 |     1 ||     3
 Stab: Sleeping          |    16 |     9 ||    25
  Eat: Fruit             |       |     1 ||     1
